 Dungeon Crawl Stone Soup version 0.31-a0-795-g5eb97db20b (webtiles) character file.

Game seed: 10592424401211478925

14571 dohliylev the Cleaver (level 11, -1/99 HPs)
             Began as a Minotaur Berserker on Sept 18, 2023.
             Was an Elder of Trog.
             Killed by divine providence
             ... invoked by Saint Roka
              (9 damage)
             ... on level 2 of the Orcish Mines.
             The game lasted 00:21:23 (10286 turns).

dohliylev the Cleaver (Minotaur Berserker)         Turns: 10286, Time: 00:21:23

Health: -1/99      AC: 20    Str: 25    XL:     11   Next: 90%
Magic:  10/10      EV: 13    Int:  4    God:    Trog [****..]
Gold:   596        SH: 10    Dex:  9    Spells: 10/10 levels left

rFire   . . .        f - +4 broad axe (flame)
rCold   . . .        t - +0 kite shield
rNeg    + + +        r - +0 plate armour
rPois   .            (helmet restricted)
rElec   .            E - +0 cloak
rCorr   +            l - +0 pair of gloves
SInv    .            w - +0 pair of boots
Will    ++...        F - amulet of regeneration Stlth
                     J - ring of Mant {rN+++ rCorr EV+5 Dex-2}
HPRegen 2.16/turn    (no ring)
MPRegen 0.12/turn

%: no passive effects
@: strong-willed, regenerating
A: horns 2, retaliatory headbutt
a: Renounce Religion, Berserk, Trog's Hand, Brothers in Arms


You were on level 2 of the Orcish Mines.
You worshipped Trog.
Trog was greatly pleased with you.
You visited 2 branches of the dungeon, and saw 11 of its levels.

You collected 1250 gold pieces.
You spent 654 gold pieces at shops.

Inventory:

Hand Weapons
 f - a +4 broad axe of flaming (weapon)
Missiles
 A - 3 throwing nets
Armour
 l - a +0 pair of gloves (worn)
 r - a +0 plate armour (worn)
 t - a +0 kite shield (worn)
 w - a +0 pair of boots (worn)
 E - a +0 cloak (worn)
Jewellery
 F - an amulet of regeneration (around neck)
 J - the ring of Mant (left hand) {rN+++ rCorr EV+5 Dex-2}
   (You bought it in a shop on level 7 of the Dungeon)

   [ring of evasion]

   EV+5:      It affects your evasion (+5).
   Dex-2:     It affects your dexterity (-2).
   rN+++:     It renders you almost immune to negative energy.
   rCorr:     It protects you from acid and corrosion.
Wands
 m - a wand of mindburst (11)
 n - a wand of digging (7)
 p - a wand of roots (14)
 q - a wand of paralysis (10)
 B - a wand of light (8)
 C - a wand of flame (27)
Scrolls
 a - 2 scrolls of vulnerability {unknown}
 b - a scroll of silence {unknown}
 c - a scroll of blinking {unknown}
 d - 4 scrolls of teleportation
 e - 2 scrolls of revelation {unknown}
 g - a scroll of brand weapon {unknown}
 i - 6 scrolls of identify {unknown}
 x - 3 scrolls of amnesia {unknown}
 H - a scroll of noise {unknown}
 I - a scroll of fear {unknown}
Potions
 h - a potion of cancellation {unknown}
 j - a potion of degeneration {unknown}
 k - 3 potions of might {unknown}
 o - 2 potions of attraction {unknown}
 s - a potion of enlightenment {unknown}
 u - 3 potions of curing {unknown}
 v - 5 potions of mutation {unknown}
 z - a potion of heal wounds {unknown}
 D - 3 potions of resistance {unknown}
 G - a potion of brilliance {unknown}


   Skills:
 + Level 10.1 Fighting
 + Level 14.8 Axes
 + Level 12.0 Armour
 + Level 4.7 Dodging
 + Level 9.1 Shields


You had 10 spell levels left.
You didn't know any spells.
Your spell library was empty.

Dungeon Overview and Level Annotations

Branches:
Dungeon (9/15)             Temple (0/1) D:5            Lair (0/5) D:9
    Orc (2/2) D:9             Elf (0/3) Orc:2

Altars:
Cheibriados
Elyvilon
Fedhas
Gozag
Nemelex Xobeh
Uskayaw
Vehumet
Wu Jian
The Shining One

Shops:
D:7 =   D:8 [   Orc:2 (

Annotations:
Orc:2 Saint Roka


Innate Abilities, Weirdness & Mutations

You have a pair of horns on your head.
You reflexively headbutt those who attack you in melee.


Message History

The orc barely misses you.
The orc warrior hits you with a +0 halberd.
* * * LOW HITPOINT WARNING * * *
You closely miss the orc warrior. Your headbutt misses the orc warrior.
The orc warrior is heavily wounded.
You closely miss the orc. The orc closely misses you.
The orc warrior hits you but does no damage.
You barely miss the orc warrior.
The orc priest shouts!
Your headbutt misses the orc warrior.
The orc warrior is heavily wounded.
You slash the orc! You burn the orc.
You kill the orc!
Trog accepts your kill.
Saint Roka mumbles some strange prayers to Beogh against you.
Beogh smites you!
* * * LOW HITPOINT WARNING * * *
The orc warrior barely misses you. You furiously retaliate!
You headbutt the orc warrior.
You hit the orc warrior but do no damage.
You headbutt the orc warrior, but do no damage.
The orc warrior is severely wounded.
The orc warrior misses you. You furiously retaliate!
You headbutt the orc warrior!
You kill the orc warrior!
Trog accepts your kill.
Your skin crawls.
You feel strong-willed. You block the orc's attack.
Your ogre goes berserk!
Trog will no longer gift you weapons.
Saint Roka calls down the wrath of Beogh upon you.
Beogh smites you!
* * * LOW HITPOINT WARNING * * *
The orc closely misses you.
Your ogre closely misses the orc.
Saint Roka calls down the wrath of Beogh upon you.
Beogh smites you!
You die...
Saint Roka roars, "Praise to Beogh!"

.........# #...#
#.....#....) ###....#.#
###o8.# #...).##...#
##.....# .#†))# #......#####
###...# '.)o' #...........
##.).# #.).# #.))........
#..))# ##)oO## #........#..
##)#)## #8)))8#
##..#........
##...###.))o)###..#.#.......
#.....##))@##..............
##........))...............
#...###.8.8))#..()#........
##.## ##.........))........
#...###...#.....)).........
##.###.....................
### ##.....<.....##.......
###........)##.......
#######)#)##...........


You could see Saint Roka, an orc priest (strong), 2 orcs and a friendly ogre
(summoned, berserk).

Vanquished Creatures
  Jorgrun (Orc:1)
  A two-headed ogre (D:9)
  An orc high priest (Orc:2)
  An orc sorcerer (Orc:2)
  A cyclops (Orc:2)
  An oklob plant (D:5)
  Maurice (D:8)
  4 kobold demonologists
  4 trolls
  A hornet (D:9)
  Prince Ribbit (D:8)
  2 wraiths
  Grum (D:8)
  2 steam dragons
  2 wargs (Orc:2)
  3 water moccasins
  3 sky beasts
  23 orc warriors
  A black bear (D:6)
  6 wolves
  2 ogres (Orc:2)
  2 centaurs
  12 kobold brigands
  2 bullfrogs
  2 gnoll sergeants
  A scorpion (D:5)
  9 wights
  7 killer bees
  4 electric eels (D:9)
  8 hounds
  2 jellies
  16 orc priests
  2 iguanas (D:7)
  2 gnoll boudas
  16 orc wizards
  17 gnolls
  4 adders
  2 white imps (D:7)
  A worm (D:2)
  6 dart slugs
  81 orcs
  5 endoplasms
  6 hobgoblins
  3 jackals (D:1)
  2 quokkas
  7 ball pythons
  5 bats
  6 frilled lizards
  8 goblins
  20 kobolds
  6 rats
326 creatures vanquished.

Vanquished Creatures (others)
  A kobold (D:9)
1 creature vanquished.

Grand Total: 327 creatures vanquished

Notes
Turn   | Place    | Note
-------+----------+-------------------------------------------
     0 | D:1      | dohliylev the Minotaur Berserker began the quest for the
                  | Orb.
     0 | D:1      | Reached XP level 1. HP: 19/19 MP: 0/0
   107 | D:1      | Reached XP level 2. HP: 25/27 MP: 1/1
   115 | D:1      | Reached skill level 4 in Axes
   240 | D:1      | Reached XP level 3. HP: 33/33 MP: 2/2
   326 | D:1      | Reached ** piety under Trog
  1042 | D:2      | Found a faded altar of an unknown god.
  1653 | D:3      | Reached XP level 4. HP: 40/41 MP: 3/3
  1708 | D:3      | Noticed a bullfrog
  1712 | D:3      | Killed a bullfrog
  1713 | D:3      | Reached skill level 5 in Axes
  1723 | D:3      | Reached XP level 5. HP: 27/47 MP: 4/4
  2300 | D:4      | Found a white marble altar of Elyvilon.
  2722 | D:4      | Found a hide-covered altar of Uskayaw.
  2726 | D:4      | Reached *** piety under Trog
  3005 | D:4      | Reached skill level 6 in Axes
  3261 | D:5      | Entered Level 5 of the Dungeon
  3353 | D:5      | Reached XP level 6. HP: 52/55 MP: 5/5
  3370 | D:5      | Reached skill level 5 in Armour
  3665 | D:5      | Found a staircase to the Ecumenical Temple.
  3726 | D:5      | Noticed a water moccasin
  3734 | D:5      | Killed a water moccasin
  3735 | D:5      | Reached skill level 5 in Fighting
  3735 | D:5      | Reached skill level 7 in Axes
  3735 | D:5      | Reached XP level 7. HP: 57/61 MP: 6/6
  3840 | D:5      | Found a blossoming altar of Fedhas.
  3856 | D:5      | Noticed an oklob plant
  3877 | D:5      | Killed an oklob plant
  3878 | D:5      | Reached skill level 8 in Axes
  3878 | D:5      | Reached skill level 1 in Shields
  4139 | D:5      | Found an ornate altar of the Wu Jian Council.
  4642 | D:6      | Reached XP level 8. HP: 69/69 MP: 7/7
  4938 | D:6      | Reached skill level 9 in Axes
  5648 | D:7      | Reached skill level 10 in Axes
  5758 | D:7      | Reached XP level 9. HP: 59/75 MP: 8/8
  5992 | D:7      | Found Kimiumoh's Jewellery Emporium.
  6379 | D:8      | Found a snail-covered altar of Cheibriados.
  6408 | D:8      | Reached skill level 11 in Axes
  6445 | D:8      | Noticed Grum
  6453 | D:8      | Reached skill level 5 in Shields
  6459 | D:8      | Killed Grum
  6494 | D:8      | Found a glowing golden altar of the Shining One.
  6622 | D:8      | Noticed Maurice
  6623 | D:8      | Maurice stole 2 throwing nets
  6624 | D:8      | Maurice stole 419 gold
  6632 | D:8      | Something stole 151 gold
  6634 | D:8      | Killed Maurice
  6634 | D:8      | Reached **** piety under Trog
  6906 | D:8      | Found Diuwkev's Armour Shoppe.
  6921 | D:8      | Noticed Prince Ribbit
  6928 | D:8      | Killed Prince Ribbit
  6929 | D:8      | Reached skill level 12 in Axes
  6929 | D:8      | Reached XP level 10. HP: 86/86 MP: 9/9
  7267 | D:9      | Paralysed by a hornet for 3 turns
  7634 | D:9      | Noticed a smoke demon
  7649 | D:9      | Reached skill level 10 in Armour
  7737 | D:9      | Noticed a two-headed ogre
  7931 | D:9      | Killed a two-headed ogre
  8188 | D:9      | Found a staircase to the Orcish Mines.
  8197 | D:9      | Reached skill level 13 in Axes
  8210 | D:9      | Found a staircase to the Lair.
  8371 | D:9      | Found a radiant altar of Vehumet.
  8508 | D:9      | Found a sparkling altar of Nemelex Xobeh.
  8673 | D:9      | Found an opulent altar of Gozag.
  8835 | Orc:1    | Entered Level 1 of the Orcish Mines
  8840 | Orc:1    | Noticed Jorgrun
  8865 | Orc:1    | Killed Jorgrun
  8866 | Orc:1    | Reached XP level 11. HP: 70/95 MP: 10/10
  9096 | D:7      | Bought the ring of Mant {rN+++ rCorr EV+5 Dex-2} for 654
                  | gold pieces
  9533 | Orc:2    | Entered Level 2 of the Orcish Mines
  9552 | Orc:2    | Reached skill level 14 in Axes
  9632 | Orc:2    | Reached ***** piety under Trog
  9679 | Orc:2    | Found a staircase to the Elven Halls.
  9781 | Orc:2    | Found Pasam's Weapon Shop.
 10008 | Orc:2    | Received a gift from Trog
 10154 | Orc:2    | Noticed Saint Roka
 10220 | Orc:2    | Noticed an orc sorcerer
 10228 | Orc:2    | Killed an orc sorcerer
 10252 | Orc:2    | Noticed an orc high priest
 10268 | Orc:2    | Reached skill level 10 in Fighting
 10268 | Orc:2    | Killed an orc high priest
 10286 | Orc:2    | Killed from afar by Saint Roka

Illustrated notes

Levels and vault maps discovered:
D:1:      dpeg_arrival_rhombi, layout_basic, grunt_decor_fettered
D:2:      layout_basic, dreamdust_ecumenical_altar_statues
D:3:      layout_loops_ring, serial_park_tiny_pond, minmay_misc_feat_enclosed
D:4:      layout_cave_pods, mainiacjoe_overflow_paths, elyvilon_altar_1
D:5:      layout_loops_ring, nicolae_wu_jian_immortal_techniques, tgw_fedhas,
          minmay_temple_entry_hall, nicolae_zen_rock_garden, dk_noncrumbling_3
D:6:      layout_basic, st_stairs_7, minmay_microvault
D:7:      layout_rooms, serial_shops, shop
D:8:      layout_basic, mainiacjoe_overflow_boulevard, tso_metal_star,
          serial_shops, nicolae_square_shop, uniq_prince_ribbit1, uniq_grum,
          uniq_maurice
D:9:      layout_roguey, lemuel_doored_altar, nemelex_diamond_rough_becter,
          nicolae_vehumet_altar_sigil, erik_lair_island,
          hangedman_abyss_or_decor_jellyfish_corner
Orc:1:    layout_caves, special_room [special_room_kobold], uniq_jorgrun
Orc:2:    grunt_orc_community_town_hall, layout_caves,
          grunt_orc_community_big_house_1, grunt_orc_community_big_house_1,
          grunt_orc_community_house_3, grunt_orc_community_house_1,
          grunt_orc_community_house_3, grunt_orc_community_house_3,
          grunt_orc_community_house_1

Skill      XL: |  1  2  3  4  5  6  7  8  9 10 11 |
---------------+----------------------------------+-----
Axes           | 4 5 6 7 8 10 12 13 14 | 14.8
Fighting       | 4 5 6 7 8 10 | 10.1
Armour         | 3 4 5 6 8 9 10 12 | 12.0
Shields        | 1 4 5 7 9 |  9.1
Dodging        | 3 4 |  4.7

Action                     |  1- 3 |  4- 6 |  7- 9 | 10-12 || total
---------------------------+-------+-------+-------+-------++-------
  Melee: Hand axe          |    82 |    94 |   251 |   365 ||   792
         Headbutt          |    15 |    11 |    50 |    71 ||   147
         Punch             |     3 |       |       |       ||     3
         Broad axe         |       |       |       |    57 ||    57
 Invoke: Berserk           |       |     3 |     9 |     9 ||    21
         Trog's Hand       |       |       |     2 |     8 ||    10
         Brothers in Arms  |       |       |       |     1 ||     1
    Use: Scroll            |       |       |       |     1 ||     1
 Armour: Scale mail        |    19 |       |       |       ||    19
         Chain mail        |    47 |    33 |       |       ||    80
         Plate armour      |       |    34 |   184 |   223 ||   441
         Troll leather arm |       |       |       |    47 ||    47
         Skin              |       |       |       |     3 ||     3
  Dodge: Dodged            |    33 |    39 |    73 |   157 ||   302
  Block: Kite shield       |       |    11 |    82 |   186 ||   279

Table legend: (Time is in decaauts)
 A = Elapsed time spent in this place.
 B = Non-inter-level travel time spent in this place.
 C = Inter-level travel time spent in this place.
 D = Time resting spent in this place.
 E = Time spent auto-exploring this place.
 F = Levels seen in this place.
 G = Mean time per level.
                   A        B        C        D        E       F      G
               +--------+--------+--------+--------+--------+-----+--------+
         Total |  10390 |   9987 |    403 |   1715 |   6162 |  11 |  944.5 |
       Dungeon |   9101 |   8709 |    392 |   1418 |   5622 |   9 | 1011.2 |
  Orcish Mines |   1288 |   1277 |     11 |    296 |    540 |   2 |  644.0 |
               +--------+--------+--------+--------+--------+-----+--------+

Top non-repeatable levels by time:
     D:9: 1602 daAuts
     D:6: 1255 daAuts
     D:5: 1178 daAuts
     D:8: 1113 daAuts
     D:4: 1026 daAuts
     D:2: 937 daAuts
   Orc:2: 757 daAuts
     D:3: 724 daAuts
     D:7: 655 daAuts
     D:1: 608 daAuts
   Orc:1: 531 daAuts
